 Dungeon Crawl Stone Soup version 0.29.0-15-g675c0067aa (webtiles) character file.

Game seed: 9019981544307949373

111573 qw the Severer (level 16, -1/232 HPs)
             Began as a Minotaur Berserker on Sept 13, 2022.
             Was a High Priest of Trog.
             Succumbed to an orange demon's poison
             ... on level 2 of the Orcish Mines.
             The game lasted 00:08:47 (28083 turns).

qw the Severer (Minotaur Berserker)                Turns: 28083, Time: 00:08:47

Health: -1/232     AC: 31    Str: 44    XL:     16   Next: 9%
Magic:  6/6        EV: 10    Int:  8    God:    Trog [*****.]
Gold:   2956       SH: 18    Dex: 11    Spells: 15/15 levels left

rFire   + + .      SeeInvis .   k - +9 broad axe (venom)
rCold   + . .      Faith    .   l - +0 kite shield
rNeg    + + .      Spirit   .   f - +0 gold dragon scales "Helaewocw" {rPois rF+ rC+ Str+5}
rPois   +          Reflect  +   (helmet restricted)
rElec   .          Harm     .   b - +2 cloak {rCorr}
rCorr   +          Rampage  .   h - +2 pair of gloves
Will    .....                   s - +1 pair of boots
Stlth   ..........              t - amulet of reflection
HPRegen 0.48/turn               w - ring "Tiogoir" {rC+ rN++ Will- Str+10 Int-5}
MPRegen 0.10/turn               n - ring "Zatailos" {Fire Drain rCorr MP-9 Int+9}

@: berserking (expiring), lethally poisoned (-1 -> -6), very quick
A: horns 2, retaliatory headbutt, hooves 1
a: Renounce Religion, Berserk, Trog's Hand, Brothers in Arms


You were on level 2 of the Orcish Mines.
You worshipped Trog.
Trog was extremely pleased with you.
You visited 3 branches of the dungeon, and saw 22 of its levels.

You collected 3044 gold pieces.
You spent 88 gold pieces at shops.


Innate Abilities, Weirdness & Mutations

You have a pair of horns on your head.
You reflexively headbutt those who attack you in melee.
You have large cloven feet.


   Skills:
 - Level 17.0 Fighting
 - Level 18.0 Axes
 - Level 7.0 Throwing
 - Level 17.0 Armour
 - Level 7.1 Dodging
 + Level 15.3 Shields


You had 15 spell levels left.
You didn't know any spells.
Your spell library was empty.

Inventory:

Hand Weapons
 k - a +9 broad axe of venom (weapon)
 r - a +1 morningstar of freezing
Missiles
 e - 8 boomerangs (quivered)
Armour
 b - a +2 cloak of preservation (worn)
 f - the +0 gold dragon scales "Helaewocw" (worn) {rPois rF+ rC+ Str+5}
   (You acquired it on level 3 of the Lair of Beasts)

   Str:       It affects your strength (+5).
   rF:        It protects you from fire.
   rC:        It protects you from cold.
   rPois:     It protects you from poison.
 h - a +2 pair of gloves (worn)
 l - a +0 kite shield (worn)
 s - a +1 pair of boots (worn)
Jewellery
 n - the ring "Zatailos" (right hand) {Fire Drain rCorr MP-9 Int+9}
   (You acquired it on level 11 of the Dungeon)

   [ring of fire]

   It enhances your fire magic.
   Int:       It affects your intelligence (+9).
   rF:        It protects you from fire.
   rC:        It makes you vulnerable to cold.
   MP:        It affects your magic capacity (-9).
   rCorr:     It protects you from acid and corrosion.
   Drain:     It drains your maximum health when unequipped.
 t - an amulet of reflection (around neck)
 v - the ring "Giarph" {Wiz rF+}
   (You found it on level 15 of the Dungeon)

   [ring of wizardry]

   It improves your spell success rate.
   rF:        It protects you from fire.
 w - the ring "Tiogoir" (left hand) {rC+ rN++ Will- Str+10 Int-5}
   (You found it on level 13 of the Dungeon)

   [ring of protection from cold]

   Str:       It affects your strength (+10).
   Int:       It affects your intelligence (-5).
   rC:        It protects you from cold.
   rN:        It greatly protects you from negative energy.
   Will:      It decreases your willpower.
 Y - a ring of protection from cold
Scrolls
 c - 10 scrolls of teleportation
 g - 8 scrolls of identify
 m - 3 scrolls of enchant weapon
Potions
 a - 2 potions of mutation
 d - 14 potions of curing
 i - 3 potions of cancellation
 j - a potion of resistance
 o - 5 potions of might
 p - 3 potions of haste
 q - 5 potions of heal wounds

Dungeon Overview and Level Annotations

Branches:
Dungeon (15/15)            Temple (0/1) D:7            Lair (5/5) D:8
  Swamp (0/4) Lair:2       Spider (0/4) Lair:3        Slime (0/5) Lair:5
    Orc (2/2) D:10            Elf (0/3) Orc:2        Vaults (0/5) D:14
 Depths (0/4) D:15

Altars:
Ashenzari
Dithmenos
Hepliaklqana
Kikubaaqudgha
Okawaru
Uskayaw
Wu Jian
Jiyva

Shops:
D:1 ?   D:11 (

Annotations:
D:2 1 runed translucent door, Crazy Yiuf
D:5 1 runed translucent door, qw's ghost, novice MiBe
D:9 1 runed translucent door, qw's ghost, novice MiBe


Message History

You slash the chaos spawn!
The chaos spawn looks as sick as possible!
You slash the orc warrior!
The orc warrior looks as sick as possible!
You feel sick. The orc high priest closely misses you.
The orc high priest mumbles some strange prayers to Beogh.
The orc warrior unwields a +0 arbalest.
The orc warrior wields a +0 flail.
You block the orc warrior's attack. The chaos spawn barely misses you.
You furiously retaliate!
You headbutt the chaos spawn! You slash the chaos spawn!
You kill the chaos spawn!
The chaos spawn degenerates into a cloud of primal chaos!
You slash the orc!
You kill the orc!
Trog accepts your kill. Trog grants you a weapon!
Something appears at your feet!
You see here a +2 vorpal war axe.
You barely miss the smoke demon. You closely miss the orc warrior.
You feel sick. The orange demon stings you from afar.
You slice the orc warrior like a ripe choko!!!
You kill the orc warrior!
Trog accepts your kill.
You barely miss the smoke demon.
You feel sick.
The orc high priest prays to Beogh.
The orc high priest hits you but does no damage.
You block the orc high priest's attack.
The orc priest casts a cantrip, but nothing happens.
The smoke demon gestures at you. The ball of steam misses you.
You open the smoke demon like a pillowcase!!!
You kill the smoke demon!
The smoke demon disappears in a puff of smoke!
You barely miss the orc. You slash the orc!
You kill the orc!
Trog accepts your kill. You block the orange demon's attack.
You slash the orc!
You kill the orc!
Trog accepts your kill.
You die...

...#....................
#.......................
......##................
.....................$..
...#....................
...##.#.....))).........
#...##......))))¤)......
#..#############¤)4..###
...# #.)@¤4....# ..##
#.)¤)oo...# .#
#.o3ooo...# ..
#oo..oo...# #.oooo....#
oo4ooo..... ..oooo......
.....o.......


You could see 4 orc high priests, a sun demon (summoned), an orange demon
(summoned), a hellwing (summoned), an ice devil (summoned), 3 orc warriors, 5
orc priests and 12 orcs.

Vanquished Creatures
  Jorgrun (Orc:1)
  Rupert (Orc:2)
  An orc warlord (Orc:2)
  Snorg (Orc:1)
  A great orb of eyes (D:15)
  Josephine (Lair:5)
  A fire dragon (Lair:5)
  A yaktaur captain (D:14)
  A rakshasa (D:15)
  5 hydras
  2 ogre magi
  3 boulder beetles
  5 centaur warriors
  14 two-headed ogres
  A death knight (D:15)
  2 catoblepae
  10 death yaks
  Nergalle (Orc:1)
  A fire crab (Lair:5)
  A swamp dragon (Lair:5)
  A bog body (Lair:2)
  Pikel (D:6)
  An oklob plant (Lair:4)
  4 cyclopes
  A deep elf pyromancer (D:15)
  5 orc knights
  4 orc sorcerers
  A shining eye (shapeshifter) (D:15)
  14 ugly things
  7 manticores
  A cyclops (shapeshifter) (D:13)
  Maurice (D:8)
  17 elephants
  9 black mambas
  Joseph (D:8)
  2 gargoyles
  3 rime drakes
  3 torpor snails
  15 cane toads
  An unseen horror (D:10)
  10 komodo dragons
  2 yaktaurs (D:14)
  An efreet (D:15)
  2 freezing wraiths (D:15)
  2 tengu conjurers (D:13)
  5 polar bears (Lair:3)
  A raiju (shapeshifter) (D:13)
  Grinder (D:3)
  A polar bear (shapeshifter) (D:15)
  A tarantella (shapeshifter) (D:15)
  3 trolls (D:12)
  17 slime creatures
  9 dream sheep (Lair:5)
  31 blink frogs
  A vampire (D:11)
  A shadow (D:8)
  A yak (shapeshifter) (D:14)
  38 yaks
  9 wraiths
  7 wyverns
  Eustachio (D:6)
  A basilisk (Lair:3)
  3 steam dragons
  9 vampire mosquitoes
  3 swamp worms (Lair:2)
  12 water moccasins
  31 orc warriors
  12 ogres
  3 swamp drakes (Lair:5)
  6 black bears
  4 ice beasts
  6 wolves (Lair:2)
  29 centaurs
  A lemure (D:6)
  A phantom (D:4)
  5 kobold brigands
  8 bullfrogs
  2 necrophages
  A gnoll sergeant (D:12)
  6 scorpions
  12 wights
  3 howler monkeys
  An electric eel (Lair:2)
  4 hounds
  A jelly (D:8)
  20 orc priests
  A gnoll bouda (D:6)
  9 iguanas
  Jessica (D:2)
  2 hell rats (D:8)
  28 orc wizards
  Robin (D:2)
  10 gnolls
  5 adders
  4 river rats
  2 shadow imps
  A white imp (D:8)
  An ufetubus (D:5)
  A dart slug (D:3)
  3 worms
  66 orcs
  8 endoplasms
  6 giant cockroaches
  15 goblins
  10 hobgoblins
  2 quokkas
  5 ball pythons
  6 bats
  17 kobolds
  9 rats
  4 bushes (D:14)
691 creatures vanquished.

Vanquished Creatures (collateral kills)
  2 hydras
  A two-headed ogre (Orc:1)
  2 death yaks (Lair:5)
  An orb spider (Lair:3)
  An obsidian statue (D:9)
  2 blink frogs (Lair:3)
  An orc wizard (Orc:2)
  3 orcs (Orc:1)
13 creatures vanquished.

Vanquished Creatures (others)
  An ugly thing (D:14)
  A kobold demonologist (D:10)
  An iguana (Lair:5)
  2 orcs
  6 bushes (D:14)
  21 fungi
  35 plants
67 creatures vanquished.

Grand Total: 771 creatures vanquished

Notes
Turn   | Place    | Note
-------+----------+-------------------------------------------
     0 | D:1      | qw the Minotaur Berserker began the quest for the Orb.
     0 | D:1      | Reached XP level 1. HP: 19/19 MP: 0/0
     0 | D:1      | 0 ||| qw: Version: 0.1-a-119-g272c26d
     0 | D:1      | 0 ||| qw: Game counter: 11063
     0 | D:1      | 0 ||| qw: Always use a shield: true
     0 | D:1      | 0 ||| qw: Do Orc after D:15 true
     0 | D:1      | 0 ||| qw: Do second Lair branch before Depths: true
     0 | D:1      | 0 ||| qw: Lair rune preference: random
     0 | D:1      | 0 ||| qw: Plans: Normal
     0 | D:1      | 0 ||| PLANNING D:1-11
   136 | D:1      | Found Racekuf's Magic Scroll Shoppe.
   146 | D:1      | 146 ||| BUYING scroll of teleportation (39 gold).
   146 | D:1      | Bought a scroll of teleportation for 39 gold pieces
   146 | D:1      | 146 ||| SHOPLISTING scroll of teleportation (39 gold, have
                  | 11).
   184 | D:1      | Reached skill level 4 in Axes
   239 | D:1      | Reached XP level 2. HP: 26/26 MP: 1/1
   573 | D:1      | 573 ||| Stepping ~*~*~tactically~*~*~ (stealth).
   574 | D:1      | 574 ||| Stepping ~*~*~tactically~*~*~ (stealth).
   581 | D:1      | Reached skill level 5 in Axes
   905 | D:1      | 905 ||| UPGRADING to +0 pair of gloves.
   910 | D:1      | 910 ||| UPGRADING to +0 scale mail.
   920 | D:1      | 920 ||| DROPPING +0 animal skin.
   921 | D:1      | 921 ||| READING scroll labelled AZU ERODALUNU.
   922 | D:1      | 922 ||| READING scroll labelled AFUOZO YGOHE.
   946 | D:2      | Noticed Jessica
   947 | D:2      | 947 ||| Stepping ~*~*~tactically~*~*~ (hiding).
   962 | D:2      | Killed Jessica
   963 | D:2      | Reached XP level 3. HP: 25/31 MP: 2/2
  1110 | D:2      | Found a faded altar of an unknown god.
  1159 | D:2      | 1159 ||| Stepping ~*~*~tactically~*~*~ (hiding).
  1168 | D:2      | 1168 ||| Stepping ~*~*~tactically~*~*~ (stealth).
  1173 | D:2      | Noticed Robin
  1174 | D:2      | 1174 ||| INVOKING Berserk.
  1179 | D:2      | Killed Robin
  1187 | D:2      | Reached XP level 4. HP: 37/39 MP: 3/3
  1189 | D:2      | Reached skill level 6 in Axes
  1189 | D:2      | 1189 ||| Stepping ~*~*~tactically~*~*~ (stealth).
  1191 | D:2      | Reached ** piety under Trog
  1222 | D:2      | 1222 ||| Stepping ~*~*~tactically~*~*~ (hiding).
  1528 | D:2      | 1528 ||| SWAPPING to +2 hand axe of venom.
  1529 | D:2      | 1529 ||| DROPPING +1 hand axe.
  1741 | D:2      | Found a runed translucent door.
  1742 | D:2      | Noticed Crazy Yiuf
  1858 | D:2      | 1858 ||| READING scroll labelled UJUOR RONOMAIJI.
  1859 | D:2      | 1859 ||| READING scroll labelled AZXUTH DUNYEM.
  1860 | D:2      | 1860 ||| READING scroll labelled LYBROU GASM.
  1861 | D:2      | 1861 ||| DRINKING 2 fizzy pink potions.
  1861 | D:2      | Gained mutation: You have large cloven feet. [potion of
                  | mutation]
  1862 | D:2      | 1862 ||| DRINKING 2 smoky cyan potions.
  1899 | D:2      | 1899 ||| DRINKING 2 metallic white potions.
  1900 | D:2      | 1900 ||| DROPPING potion of lignification.
  1950 | D:3      | Noticed Grinder
  1951 | D:3      | 1951 ||| Stepping ~*~*~tactically~*~*~ (hiding).
  1954 | D:3      | 1954 ||| INVOKING Trog's Hand.
  1955 | D:3      | 1955 ||| INVOKING Berserk.
  1963 | D:3      | Killed Grinder
  1964 | D:3      | Reached skill level 8 in Axes
  1964 | D:3      | Reached XP level 5. HP: 44/45 MP: 4/4
  1964 | D:3      | Reached XP level 6. HP: 50/51 MP: 5/5
  2079 | D:3      | Found a broken altar of Ashenzari.
  2171 | D:3      | Found a hide-covered altar of Uskayaw.
  2267 | D:3      | Found an ornate altar of the Wu Jian Council.
  2272 | D:3      | 2272 ||| Stepping ~*~*~tactically~*~*~ (stealth).
  2275 | D:3      | 2275 ||| Stepping ~*~*~tactically~*~*~ (stealth).
  2503 | D:3      | 2503 ||| Stepping ~*~*~tactically~*~*~ (hiding).
  2816 | D:3      | 2816 ||| UPGRADING to +0 kite shield.
  2865 | D:4      | Found an ancient bone altar of Kikubaaqudgha.
  2877 | D:4      | 2877 ||| Stepping ~*~*~tactically~*~*~ (stealth).
  3085 | D:4      | 3085 ||| Stepping ~*~*~tactically~*~*~ (stealth).
  3109 | D:4      | Found a hazy altar of Hepliaklqana.
  3116 | D:4      | 3116 ||| DROPPING +0 club.
  3122 | D:4      | Noticed a water moccasin
  3132 | D:4      | Killed a water moccasin
  3133 | D:4      | Reached XP level 7. HP: 43/59 MP: 6/6
  3352 | D:4      | 3352 ||| DROPPING +0 mace.
  3388 | D:4      | 3388 ||| READING scroll labelled TICHUNGAQE.
  3388 | D:4      | Identified a scroll of acquirement
  3388 | D:4      | 3388 ||| ACQUIRING +7 broad axe of electrocution
  3388 | D:4      | Acquired a +7 broad axe of electrocution
  3390 | D:4      | 3390 ||| SWAPPING to +7 broad axe of electrocution.
  3391 | D:4      | 3391 ||| DROPPING +2 hand axe of venom.
  3392 | D:4      | 3392 ||| READING scroll labelled ZOEM WIJ PEUNO.
  3411 | D:5      | Entered Level 5 of the Dungeon
  3412 | D:5      | 3412 ||| PLANNING SEWER
  3573 | D:5      | 3573 ||| INVOKING Berserk.
  3893 | D:5      | Reached skill level 6 in Shields
  4001 | D:5      | 4001 ||| RIP SEWER
  4042 | D:5      | 4042 ||| PLANNING D:1-11
  4189 | D:5      | Found a runed translucent door.
  4189 | D:5      | Noticed qw's ghost (novice MiBe)
  4247 | D:5      | Reached *** piety under Trog
  4292 | D:5      | 4292 ||| Stepping ~*~*~tactically~*~*~ (water).
  4470 | D:5      | Reached skill level 9 in Axes
  4561 | D:5      | 4561 ||| FLEEEEING.
  4562 | D:5      | 4562 ||| FLEEEEING.
  4563 | D:5      | 4563 ||| FLEEEEING.
  4564 | D:5      | 4564 ||| FLEEEEING.
  4565 | D:5      | 4565 ||| FLEEEEING.
  4566 | D:5      | 4566 ||| FLEEEEING.
  4567 | D:5      | 4567 ||| FLEEEEING.
  4568 | D:5      | 4568 ||| FLEEEEING.
  4569 | D:5      | 4569 ||| FLEEEEING.
  4570 | D:5      | 4570 ||| FLEEEEING.
  4571 | D:5      | 4571 ||| FLEEEEING.
  4572 | D:5      | 4572 ||| FLEEEEING.
  4573 | D:5      | 4573 ||| FLEEEEING.
  4574 | D:5      | 4574 ||| FLEEEEING.
  4575 | D:5      | 4575 ||| FLEEEEING.
  4576 | D:5      | 4576 ||| FLEEEEING.
  4577 | D:5      | 4577 ||| FLEEEEING.
  4578 | D:5      | 4578 ||| FLEEEEING.
  4579 | D:5      | 4579 ||| FLEEEEING.
  4580 | D:5      | 4580 ||| FLEEEEING.
  4581 | D:5      | 4581 ||| FLEEEEING.
  4582 | D:5      | 4582 ||| FLEEEEING.
  4583 | D:5      | 4583 ||| FLEEEEING.
  4584 | D:5      | 4584 ||| FLEEEEING.
  4585 | D:5      | 4585 ||| FLEEEEING.
  4586 | D:5      | 4586 ||| FLEEEEING.
  4587 | D:5      | 4587 ||| FLEEEEING.
  4588 | D:5      | 4588 ||| FLEEEEING.
  4589 | D:5      | 4589 ||| FLEEEEING.
  4590 | D:5      | 4590 ||| FLEEEEING.
  4591 | D:5      | 4591 ||| FLEEEEING.
  4592 | D:5      | 4592 ||| FLEEEEING.
  4593 | D:5      | 4593 ||| FLEEEEING.
  4594 | D:5      | 4594 ||| FLEEEEING.
  4595 | D:5      | 4595 ||| FLEEEEING.
  4596 | D:5      | 4596 ||| FLEEEEING.
  4597 | D:5      | 4597 ||| FLEEEEING.
  4598 | D:5      | 4598 ||| FLEEEEING.
  4599 | D:5      | 4599 ||| FLEEEEING.
  4600 | D:5      | 4600 ||| FLEEEEING.
  4601 | D:5      | 4601 ||| FLEEEEING.
  4602 | D:5      | 4602 ||| FLEEEEING.
  4603 | D:5      | 4603 ||| FLEEEEING.
  4604 | D:5      | 4604 ||| FLEEEEING.
  4605 | D:5      | 4605 ||| FLEEEEING.
  4606 | D:5      | 4606 ||| FLEEEEING.
  4607 | D:5      | 4607 ||| FLEEEEING.
  4608 | D:5      | 4608 ||| FLEEEEING.
  4609 | D:5      | 4609 ||| FLEEEEING.
  4610 | D:5      | 4610 ||| FLEEEEING.
  4611 | D:5      | 4611 ||| FLEEEEING.
  4612 | D:5      | 4612 ||| FLEEEEING.
  4613 | D:5      | 4613 ||| FLEEEEING.
  4614 | D:5      | 4614 ||| FLEEEEING.
  4615 | D:5      | 4615 ||| FLEEEEING.
  4616 | D:5      | 4616 ||| FLEEEEING.
  4617 | D:5      | 4617 ||| STAIRDANCE
  4715 | D:4      | 4715 ||| UPGRADING to +0 chain mail.
  4725 | D:4      | 4725 ||| DROPPING +0 scale mail.
  4726 | D:4      | 4726 ||| UPGRADING to +0 pair of boots.
  4731 | D:4      | 4731 ||| DROPPING ring of flight.
  4732 | D:4      | 4732 ||| READING 2 scrolls labelled DAJUCA SYSILIF.
  4733 | D:4      | 4733 ||| READING scroll labelled TOCZAD DOODERE.
  4734 | D:4      | 4734 ||| DRINKING 2 white potions.
  4735 | D:4      | 4735 ||| DROPPING potion of degeneration.
  4896 | D:5      | 4896 ||| DRINKING 2 green potions.
  5020 | D:6      | Noticed Pikel
  5024 | D:6      | 5024 ||| INVOKING Berserk.
  5030 | D:6      | Killed Pikel
  5031 | D:6      | Reached skill level 6 in Armour
  5031 | D:6      | Reached XP level 8. HP: 67/67 MP: 7/7
  5181 | D:6      | Noticed Eustachio
  5184 | D:6      | 5184 ||| INVOKING Berserk.
  5191 | D:6      | Killed Eustachio
  5428 | D:6      | 5428 ||| INVOKING Berserk.
  5578 | D:6      | 5578 ||| Stepping ~*~*~tactically~*~*~ (hiding).
  5651 | D:6      | Reached skill level 10 in Axes
  5651 | D:6      | Reached XP level 9. HP: 75/75 MP: 8/8
  5773 | D:6      | 5773 ||| Stepping ~*~*~tactically~*~*~ (hiding).
  5954 | D:6      | 5954 ||| DROPPING +2 mace of protection.
  6060 | D:6      | 6060 ||| READING scroll of enchant weapon.
  6060 | D:6      | 6060 ||| ENCHANTING +7 broad axe of electrocution.
  6066 | D:6      | Reached skill level 1 in Throwing
  6071 | D:6      | Reached skill level 6 in Fighting
  6302 | D:6      | 6302 ||| UPGRADING to ring of protection from cold.
  6303 | D:6      | 6303 ||| READING scroll labelled HAFIBO KASCHYPT.
  6463 | D:6      | 6463 ||| DRINKING 2 metallic puce potions.
  6464 | D:6      | 6464 ||| DRINKING 3 sapphire potions.
  6465 | D:6      | 6465 ||| DRINKING 2 fizzy cyan potions.
  6466 | D:6      | 6466 ||| DRINKING 2 glowing ruby potions.
  6467 | D:6      | 6467 ||| DROPPING 2 potions of attraction.
  6468 | D:6      | 6468 ||| DROPPING potion of flight.
  6469 | D:6      | 6469 ||| DROPPING potion of magic.
  6477 | D:7      | Found a staircase to the Ecumenical Temple.
  6478 | D:7      | 6478 ||| STAIRDANCE
  6484 | D:7      | 6484 ||| INVOKING Berserk.
  6487 | D:7      | Reached skill level 11 in Axes
  6487 | D:7      | 6487 ||| STAIRDANCE
  6712 | D:7      | 6712 ||| FLEEEEING.
  6780 | D:7      | 6780 ||| Stepping ~*~*~tactically~*~*~ (stealth).
  6785 | D:7      | 6785 ||| FLEEEEING.
  6786 | D:7      | 6786 ||| FLEEEEING.
  6787 | D:7      | 6787 ||| FLEEEEING.
  6788 | D:7      | 6788 ||| FLEEEEING.
  6789 | D:7      | 6789 ||| FLEEEEING.
  6790 | D:7      | 6790 ||| FLEEEEING.
  6791 | D:7      | 6791 ||| FLEEEEING.
  6792 | D:7      | 6792 ||| FLEEEEING.
  6793 | D:7      | 6793 ||| FLEEEEING.
  6794 | D:7      | 6794 ||| FLEEEEING.
  6795 | D:7      | 6795 ||| FLEEEEING.
  6796 | D:7      | 6796 ||| FLEEEEING.
  6797 | D:7      | 6797 ||| STAIRDANCE
  6944 | D:6      | 6944 ||| READING scroll labelled ZOXILILUOC.
  6945 | D:6      | 6945 ||| DRINKING 2 orange potions.
  6948 | D:7      | 6948 ||| STAIRDANCE
  6960 | D:7      | 6960 ||| STAIRDANCE
  6967 | D:7      | 6967 ||| STAIRDANCE
  7011 | D:7      | 7011 ||| Stepping ~*~*~tactically~*~*~ (stealth).
  7039 | D:7      | 7039 ||| Stepping ~*~*~tactically~*~*~ (stealth).
  7040 | D:7      | 7040 ||| Stepping ~*~*~tactically~*~*~ (stealth).
  7043 | D:7      | 7043 ||| Stepping ~*~*~tactically~*~*~ (stealth).
  7100 | D:7      | 7100 ||| Stepping ~*~*~tactically~*~*~ (hiding).
  7174 | D:7      | 7174 ||| INVOKING Berserk.
  7190 | D:7      | 7190 ||| Stepping ~*~*~tactically~*~*~ (stealth).
  7191 | D:7      | 7191 ||| Stepping ~*~*~tactically~*~*~ (stealth).
  7320 | D:7      | Found a shadowy altar of Dithmenos.
  7403 | D:7      | Found an iron altar of Okawaru.
  7491 | D:7      | Noticed a two-headed ogre
  7495 | D:7      | 7495 ||| INVOKING Berserk.
  7499 | D:7      | Killed a two-headed ogre
  7500 | D:7      | Reached skill level 12 in Axes
  7756 | D:8      | 7756 ||| STAIRDANCE
  7759 | D:7      | Reached XP level 10. HP: 84/84 MP: 9/9
  7762 | D:8      | 7762 ||| STAIRDANCE
  7862 | D:8      | 7862 ||| Stepping ~*~*~tactically~*~*~ (stealth).
  7884 | D:8      | 7884 ||| Stepping ~*~*~tactically~*~*~ (hiding).
  7996 | D:8      | 7996 ||| Stepping ~*~*~tactically~*~*~ (hiding).
  7999 | D:8      | Noticed a death yak
  7999 | D:8      | Noticed a death yak
  8000 | D:8      | 8000 ||| Stepping ~*~*~tactically~*~*~ (stealth).
  8001 | D:8      | 8001 ||| Stepping ~*~*~tactically~*~*~ (hiding).
  8004 | D:8      | Noticed a death yak
  8005 | D:8      | Reached **** piety under Trog
  8006 | D:8      | 8006 ||| INVOKING Berserk.
  8012 | D:8      | Killed a death yak
  8013 | D:8      | Reached skill level 9 in Shields
  8017 | D:8      | Killed a death yak
  8018 | D:8      | Reached skill level 13 in Axes
  8022 | D:8      | Killed a death yak
  8023 | D:8      | Found a staircase to the Lair.
  8178 | D:8      | 8178 ||| DROPPING +0 flail.
  8179 | D:8      | 8179 ||| Stepping ~*~*~tactically~*~*~ (stealth).
  8231 | D:8      | Identified the +2 buckler of the Gate {Rampage Stlth+}
  8293 | D:8      | Noticed Joseph
  8294 | D:8      | 8294 ||| Stepping ~*~*~tactically~*~*~ (hiding).
  8303 | D:8      | Killed Joseph
  8304 | D:8      | Reached skill level 3 in Throwing
  8333 | D:8      | 8333 ||| READING scroll of enchant weapon.
  8333 | D:8      | 8333 ||| ENCHANTING +8 broad axe of venom.
  8337 | D:8      | Noticed Maurice
  8347 | D:8      | Killed Maurice
  8348 | D:8      | Reached skill level 14 in Axes
  8737 | D:8      | 8737 ||| Stepping ~*~*~tactically~*~*~ (hiding).
  8738 | D:8      | 8738 ||| Stepping ~*~*~tactically~*~*~ (hiding).
  8745 | D:8      | Reached skill level 3 in Dodging
  8862 | D:8      | 8862 ||| INVOKING Berserk.
  8982 | D:8      | 8982 ||| Stepping ~*~*~tactically~*~*~ (hiding).
  8986 | D:8      | 8986 ||| INVOKING Berserk.
  9299 | D:8      | 9299 ||| PLANNING LAIR
  9299 | D:8      | 9299 ||| UPGRADING to +2 cloak of preservation.
  9304 | D:8      | 9304 ||| READING scroll labelled IPRONI OCUDO.
  9343 | Lair:1   | Entered Level 1 of the Lair of Beasts
  9348 | Lair:1   | 9348 ||| INVOKING Berserk.
  9351 | Lair:1   | Reached XP level 11. HP: 95/95 MP: 10/10
  9482 | Lair:1   | 9482 ||| INVOKING Berserk.
  9643 | Lair:1   | 9643 ||| Stepping ~*~*~tactically~*~*~ (stealth).
  9649 | Lair:1   | 9649 ||| INVOKING Berserk.
  9654 | Lair:1   | Noticed a death yak
  9654 | Lair:1   | Noticed a death yak
  9665 | Lair:1   | Killed a death yak
  9666 | Lair:1   | Reached skill level 15 in Axes
  9672 | Lair:1   | Killed a death yak
  9673 | Lair:1   | Reached skill level 9 in Fighting
  9831 | Lair:1   | Noticed an eight-headed hydra
  9832 | Lair:1   | 9832 ||| INVOKING Brothers in Arms.
  9833 | Lair:1   | 9833 ||| INVOKING Brothers in Arms.
  9834 | Lair:1   | 9834 ||| SWAPPING to +0 morningstar.
  9834 | Lair:1   | HP: 18/97 [eight-headed hydra (9)]
  9835 | Lair:1   | 9835 ||| READING 5 scrolls of teleportation.
  9836 | Lair:1   | 9836 ||| DRINKING 2 potions of heal wounds.
  9837 | Lair:1   | 9837 ||| INVOKING Berserk.
  9839 | Lair:1   | Noticed a boulder beetle
  9846 | Lair:1   | 9846 ||| READING 4 scrolls of teleportation.
  9847 | Lair:1   | 9847 ||| DRINKING potion of heal wounds.
  9848 | Lair:1   | 9848 ||| SWAPPING to +9 broad axe of venom.
 10231 | Lair:1   | 10231 ||| INVOKING Berserk.
 10240 | Lair:1   | Killed an 11-headed hydra
 10501 | Lair:1   | 10501 ||| Stepping ~*~*~tactically~*~*~ (stealth).
 10502 | Lair:1   | 10502 ||| Stepping ~*~*~tactically~*~*~ (stealth).
 10504 | Lair:1   | 10504 ||| Stepping ~*~*~tactically~*~*~ (stealth).
 10510 | Lair:1   | 10510 ||| INVOKING Berserk.
 10519 | Lair:1   | Reached skill level 16 in Axes
 10714 | Lair:1   | 10714 ||| Stepping ~*~*~tactically~*~*~ (stealth).
 10716 | Lair:1   | 10716 ||| Stepping ~*~*~tactically~*~*~ (stealth).
 11195 | Lair:1   | 11195 ||| INVOKING Berserk.
 11199 | Lair:1   | Killed a boulder beetle
 11334 | Lair:1   | 11334 ||| READING scroll of enchant armour.
 11334 | Lair:1   | 11334 ||| ENCHANTING +0 pair of gloves.
 11357 | Lair:1   | 11357 ||| UPGRADING to +0 plate armour.
 11367 | Lair:1   | 11367 ||| DROPPING +0 chain mail.
 11368 | Lair:1   | 11368 ||| READING scroll labelled CULEANYUXOHU.
 11369 | Lair:1   | 11369 ||| READING 2 scrolls of identify.
 11369 | Lair:1   | 11369 ||| IDENTIFYING coppery potion
 11370 | Lair:1   | 11370 ||| DROPPING potion of brilliance.
 11385 | Lair:2   | Noticed a four-headed hydra
 11387 | Lair:2   | 11387 ||| SWAPPING to +0 morningstar.
 11389 | Lair:2   | 11389 ||| INVOKING Berserk.
 11393 | Lair:2   | Killed a four-headed hydra
 11394 | Lair:2   | 11394 ||| STAIRDANCE
 11422 | Lair:1   | 11422 ||| SWAPPING to +9 broad axe of venom.
 11547 | Lair:2   | 11547 ||| INVOKING Berserk.
 11561 | Lair:2   | 11561 ||| FLEEEEING.
 11562 | Lair:2   | 11562 ||| FLEEEEING.
 11567 | Lair:2   | 11567 ||| STAIRDANCE
 11686 | Lair:2   | 11686 ||| READING 2 scrolls of enchant armour.
 11686 | Lair:2   | 11686 ||| ENCHANTING +1 pair of gloves.
 11687 | Lair:2   | 11687 ||| READING scroll of enchant armour.
 11687 | Lair:2   | 11687 ||| ENCHANTING +0 pair of boots.
 11710 | Lair:2   | 11710 ||| INVOKING Berserk.
 11719 | Lair:2   | Reached XP level 12. HP: 105/105 MP: 11/11
 11727 | Lair:2   | Reached skill level 9 in Armour
 11732 | Lair:2   | 11732 ||| Stepping ~*~*~tactically~*~*~ (stealth).
 11739 | Lair:2   | 11739 ||| Stepping ~*~*~tactically~*~*~ (stealth).
 11763 | Lair:2   | 11763 ||| Stepping ~*~*~tactically~*~*~ (stealth).
 11768 | Lair:2   | 11768 ||| INVOKING Berserk.
 11876 | Lair:2   | 11876 ||| Stepping ~*~*~tactically~*~*~ (stealth).
 11993 | Lair:2   | 11993 ||| Stepping ~*~*~tactically~*~*~ (stealth).
 11998 | Lair:2   | Reached skill level 17 in Axes
 12070 | Lair:2   | 12070 ||| INVOKING Berserk.
 12557 | Lair:2   | 12557 ||| INVOKING Berserk.
 12789 | Lair:2   | Found a staircase to the Swamp.
 12794 | Lair:2   | 12794 ||| INVOKING Berserk.
 13066 | Lair:2   | 13066 ||| READING scroll labelled PABEGITHR ULEH.
 13067 | Lair:2   | 13067 ||| DRINKING 2 black potions.
 13172 | Lair:2   | 13172 ||| READING 4 scrolls of identify.
 13172 | Lair:2   | 13172 ||| IDENTIFYING metallic pink potion
 13173 | Lair:2   | 13173 ||| READING 3 scrolls of identify.
 13173 | Lair:2   | 13173 ||| IDENTIFYING silvery potion
 13174 | Lair:2   | 13174 ||| READING 2 scrolls of identify.
 13174 | Lair:2   | 13174 ||| IDENTIFYING smoky yellow potion
 13175 | Lair:2   | 13175 ||| DROPPING potion of berserk rage.
 13176 | Lair:2   | 13176 ||| DROPPING potion of ambrosia.
 13196 | Lair:3   | 13196 ||| READING scroll of acquirement.
 13196 | Lair:3   | 13196 ||| ACQUIRING +0 gold dragon scales "Helaewocw"
                  | {rPois rF+ rC+ Str+5}
 13196 | Lair:3   | Acquired the +0 gold dragon scales "Helaewocw" {rPois rF+
                  | rC+ Str+5}
 13198 | Lair:3   | 13198 ||| UPGRADING to +0 gold dragon scales "Helaewocw"
                  | {rPois rF+ rC+ Str+5}.
 13208 | Lair:3   | 13208 ||| DROPPING +0 plate armour.
 13233 | Lair:3   | 13233 ||| Stepping ~*~*~tactically~*~*~ (stealth).
 13234 | Lair:3   | 13234 ||| Stepping ~*~*~tactically~*~*~ (stealth).
 13235 | Lair:3   | 13235 ||| INVOKING Berserk.
 13269 | Lair:3   | 13269 ||| Stepping ~*~*~tactically~*~*~ (stealth).
 13375 | Lair:3   | 13375 ||| Stepping ~*~*~tactically~*~*~ (stealth).
 13376 | Lair:3   | 13376 ||| Stepping ~*~*~tactically~*~*~ (stealth).
 13377 | Lair:3   | 13377 ||| INVOKING Berserk.
 13455 | Lair:3   | 13455 ||| INVOKING Berserk.
 13573 | Lair:3   | 13573 ||| Stepping ~*~*~tactically~*~*~ (stealth).
 13688 | Lair:3   | 13688 ||| INVOKING Berserk.
 13740 | Lair:3   | 13740 ||| INVOKING Berserk.
 14032 | Lair:3   | Found a hole to the Spider Nest.
 14033 | Lair:3   | 14033 ||| INVOKING Brothers in Arms.
 14034 | Lair:3   | 14034 ||| INVOKING Brothers in Arms.
 14035 | Lair:3   | 14035 ||| INVOKING Brothers in Arms.
 14045 | Lair:3   | 14045 ||| INVOKING Berserk.
 14049 | Lair:3   | Reached skill level 18 in Axes
 14082 | Lair:3   | 14082 ||| INVOKING Berserk.
 14093 | Lair:3   | Noticed an eight-headed hydra
 14096 | Lair:3   | 14096 ||| INVOKING Brothers in Arms.
 14097 | Lair:3   | 14097 ||| INVOKING Brothers in Arms.
 14098 | Lair:3   | 14098 ||| INVOKING Brothers in Arms.
 14099 | Lair:3   | 14099 ||| INVOKING Brothers in Arms.
 14100 | Lair:3   | 14100 ||| SWAPPING to +0 morningstar.
 14102 | Lair:3   | Killed an eight-headed hydra
 14103 | Lair:3   | 14103 ||| SWAPPING to +9 broad axe of venom.
 14404 | Lair:3   | 14404 ||| READING scroll of acquirement.
 14404 | Lair:3   | 14404 ||| ACQUIRING 698 gold pieces
 14404 | Lair:3   | Acquired 698 gold pieces
 14448 | Lair:3   | 14448 ||| INVOKING Berserk.
 14463 | Lair:3   | Reached XP level 13. HP: 115/115 MP: 12/12
 15021 | Lair:3   | 15021 ||| SWAPPING to +0 morningstar.
 15022 | Lair:3   | 15022 ||| INVOKING Berserk.
 15104 | Lair:3   | 15104 ||| SWAPPING to +9 broad axe of venom.
 15181 | Lair:3   | 15181 ||| Stepping ~*~*~tactically~*~*~ (hiding).
 15196 | Lair:3   | 15196 ||| Stepping ~*~*~tactically~*~*~ (stealth).
 15201 | Lair:3   | 15201 ||| Stepping ~*~*~tactically~*~*~ (stealth).
 15276 | Lair:3   | 15276 ||| UPGRADING to amulet of guardian spirit.
 15403 | Lair:4   | 15403 ||| INVOKING Berserk.
 15778 | Lair:4   | 15778 ||| INVOKING Berserk.
 15787 | Lair:4   | Reached skill level 12 in Armour
 15827 | Lair:4   | 15827 ||| FLEEEEING.
 15958 | Lair:4   | 15958 ||| INVOKING Berserk.
 16077 | Lair:4   | 16077 ||| Stepping ~*~*~tactically~*~*~ (stealth).
 16078 | Lair:4   | 16078 ||| Stepping ~*~*~tactically~*~*~ (stealth).
 16086 | Lair:4   | Reached skill level 12 in Shields
 16130 | Lair:4   | 16130 ||| INVOKING Berserk.
 16403 | Lair:4   | 16403 ||| INVOKING Berserk.
 16572 | Lair:4   | 16572 ||| Stepping ~*~*~tactically~*~*~ (stealth).
 16589 | Lair:4   | Reached skill level 12 in Fighting
 16804 | Lair:4   | You fall into a shaft and drop 1 floor!
 16804 | Lair:5   | Entered Level 5 of the Lair of Beasts
 16980 | Lair:5   | Noticed Josephine
 16983 | Lair:5   | 16983 ||| Stepping ~*~*~tactically~*~*~ (hiding).
 16988 | Lair:5   | Killed Josephine
 16989 | Lair:5   | 16989 ||| INVOKING Brothers in Arms.
 16990 | Lair:5   | 16990 ||| INVOKING Berserk.
 17129 | Lair:5   | Found a staircase to the Slime Pits.
 17148 | Lair:5   | Found a viscous altar of Jiyva.
 17156 | Lair:5   | 17156 ||| INVOKING Berserk.
 17443 | Lair:5   | 17443 ||| STAIRDANCE
 17450 | Lair:5   | 17450 ||| STAIRDANCE
 17456 | Lair:5   | 17456 ||| INVOKING Berserk.
 17462 | Lair:5   | 17462 ||| STAIRDANCE
 17615 | Lair:5   | 17615 ||| INVOKING Berserk.
 17892 | Lair:5   | 17892 ||| INVOKING Brothers in Arms.
 17893 | Lair:5   | 17893 ||| INVOKING Brothers in Arms.
 17895 | Lair:5   | 17895 ||| SWAPPING to +0 morningstar.
 17896 | Lair:5   | 17896 ||| INVOKING Berserk.
 17902 | Lair:5   | Reached XP level 14. HP: 129/129 MP: 13/13
 17920 | Lair:5   | 17920 ||| SWAPPING to +9 broad axe of venom.
 18134 | Lair:5   | 18134 ||| Stepping ~*~*~tactically~*~*~ (stealth).
 18212 | Lair:5   | 18212 ||| Stepping ~*~*~tactically~*~*~ (stealth).
 18215 | Lair:5   | 18215 ||| INVOKING Berserk.
 18233 | Lair:5   | 18233 ||| Stepping ~*~*~tactically~*~*~ (stealth).
 18240 | Lair:5   | 18240 ||| FLEEEEING.
 18241 | Lair:5   | 18241 ||| FLEEEEING.
 18242 | Lair:5   | 18242 ||| FLEEEEING.
 18253 | Lair:5   | 18253 ||| FLEEEEING.
 18254 | Lair:5   | 18254 ||| FLEEEEING.
 18255 | Lair:5   | 18255 ||| FLEEEEING.
 18256 | Lair:5   | 18256 ||| FLEEEEING.
 18257 | Lair:5   | 18257 ||| FLEEEEING.
 18259 | Lair:5   | 18259 ||| FLEEEEING.
 18262 | Lair:5   | 18262 ||| FLEEEEING.
 18263 | Lair:5   | 18263 ||| FLEEEEING.
 18264 | Lair:5   | 18264 ||| STAIRDANCE
 18292 | Lair:4   | 18292 ||| READING scroll labelled TUUWKO DYNUEGEI.
 18293 | Lair:4   | 18293 ||| READING 5 scrolls of identify.
 18293 | Lair:4   | 18293 ||| IDENTIFYING emerald potion
 18294 | Lair:4   | 18294 ||| DROPPING potion of invisibility.
 18297 | Lair:5   | 18297 ||| INVOKING Berserk.
 18302 | Lair:5   | Reached skill level 6 in Throwing
 18305 | Lair:5   | 18305 ||| STAIRDANCE
 18523 | Lair:5   | 18523 ||| Stepping ~*~*~tactically~*~*~ (water).
 18548 | Lair:5   | 18548 ||| Stepping ~*~*~tactically~*~*~ (hiding).
 18573 | Lair:5   | 18573 ||| Stepping ~*~*~tactically~*~*~ (stealth).
 18585 | Lair:5   | 18585 ||| Stepping ~*~*~tactically~*~*~ (stealth).
 18614 | Lair:5   | 18614 ||| Stepping ~*~*~tactically~*~*~ (water).
 18631 | Lair:5   | 18631 ||| FLEEEEING.
 18632 | Lair:5   | 18632 ||| FLEEEEING.
 18636 | Lair:5   | 18636 ||| INVOKING Berserk.
 19031 | Lair:5   | 19031 ||| INVOKING Berserk.
 19152 | Lair:5   | 19152 ||| Stepping ~*~*~tactically~*~*~ (stealth).
 19153 | Lair:5   | 19153 ||| INVOKING Brothers in Arms.
 19154 | Lair:5   | 19154 ||| SWAPPING to +0 morningstar.
 19156 | Lair:5   | 19156 ||| INVOKING Berserk.
 19176 | Lair:5   | 19176 ||| SWAPPING to +9 broad axe of venom.
 19271 | Lair:5   | Identified the +0 chain mail of a Gauntlet {rPois Str+4
                  | Stlth+}
 19324 | Lair:5   | 19324 ||| PLANNING D:1-11
 19324 | Lair:5   | 19324 ||| UPGRADING to amulet of reflection.
 19334 | Lair:5   | 19334 ||| DROPPING amulet of guardian spirit.
 19669 | D:9      | 19669 ||| DROPPING +0 morningstar.
 19714 | D:9      | Found a runed translucent door.
 19717 | D:9      | Noticed qw's ghost (novice MiBe)
 19717 | D:9      | Identified the +3 trident of Vuucay {vorpal, rCorr}
 19771 | D:9      | 19771 ||| INVOKING Brothers in Arms.
 19815 | D:9      | 19815 ||| Stepping ~*~*~tactically~*~*~ (hiding).
 19816 | D:9      | 19816 ||| Stepping ~*~*~tactically~*~*~ (hiding).
 19823 | D:9      | 19823 ||| Stepping ~*~*~tactically~*~*~ (stealth).
 19854 | D:9      | 19854 ||| Stepping ~*~*~tactically~*~*~ (stealth).
 19855 | D:9      | 19855 ||| Stepping ~*~*~tactically~*~*~ (stealth).
 19858 | D:9      | 19858 ||| Stepping ~*~*~tactically~*~*~ (stealth).
 19862 | D:9      | 19862 ||| Stepping ~*~*~tactically~*~*~ (hiding).
 19952 | D:9      | Reached skill level 15 in Armour
 20184 | D:10     | Entered Level 10 of the Dungeon
 20322 | D:10     | 20322 ||| Stepping ~*~*~tactically~*~*~ (stealth).
 20323 | D:10     | 20323 ||| Stepping ~*~*~tactically~*~*~ (stealth).
 20324 | D:10     | 20324 ||| Stepping ~*~*~tactically~*~*~ (stealth).
 20326 | D:10     | 20326 ||| Stepping ~*~*~tactically~*~*~ (stealth).
 20366 | D:10     | 20366 ||| Stepping ~*~*~tactically~*~*~ (stealth).
 20386 | D:10     | 20386 ||| Stepping ~*~*~tactically~*~*~ (stealth).
 20445 | D:10     | 20445 ||| Invisible monster not found???
 20454 | D:10     | Found a staircase to the Orcish Mines.
 20554 | D:10     | 20554 ||| Stepping ~*~*~tactically~*~*~ (hiding).
 21271 | D:11     | Found Reydd's Weapon Shoppe.
 21325 | D:11     | 21325 ||| Stepping ~*~*~tactically~*~*~ (hiding).
 21372 | D:11     | 21372 ||| READING scroll of acquirement.
 21372 | D:11     | 21372 ||| ACQUIRING ring "Zatailos" {Fire Drain rCorr MP-9
                  | Int+9}
 21372 | D:11     | Acquired the ring "Zatailos" {Fire Drain rCorr MP-9 Int+9}
 21374 | D:11     | 21374 ||| UPGRADING to ring "Zatailos" {Fire Drain rCorr
                  | MP-9 Int+9}.
 21498 | D:11     | 21498 ||| Stepping ~*~*~tactically~*~*~ (hiding).
 21858 | D:11     | 21858 ||| PLANNING D
 22032 | D:12     | 22032 ||| INVOKING Berserk.
 22595 | D:12     | 22595 ||| READING scroll labelled YSYAMU MISHET.
 22767 | D:13     | 22767 ||| Stepping ~*~*~tactically~*~*~ (hiding).
 22769 | D:13     | 22769 ||| Stepping ~*~*~tactically~*~*~ (hiding).
 22922 | D:13     | 22922 ||| Stepping ~*~*~tactically~*~*~ (hiding).
 23188 | D:13     | Reached ***** piety under Trog
 23497 | D:13     | Identified the ring "Tiogoir" {rC+ rN++ Will- Str+10 Int-5}
 23532 | D:13     | 23532 ||| Stepping ~*~*~tactically~*~*~ (hiding).
 24037 | D:13     | 24037 ||| DROPPING ring of ice.
 24038 | D:13     | 24038 ||| UPGRADING to ring "Tiogoir" {rC+ rN++ Will-
                  | Str+10 Int-5}.
 24084 | D:14     | 24084 ||| Stepping ~*~*~tactically~*~*~ (hiding).
 24085 | D:14     | 24085 ||| Stepping ~*~*~tactically~*~*~ (hiding).
 24089 | D:14     | Reached XP level 15. HP: 130/138 MP: 5/14
 24089 | D:14     | 24089 ||| Stepping ~*~*~tactically~*~*~ (hiding).
 24093 | D:14     | 24093 ||| Stepping ~*~*~tactically~*~*~ (stealth).
 24104 | D:14     | 24104 ||| Stepping ~*~*~tactically~*~*~ (stealth).
 24108 | D:14     | Reached skill level 6 in Dodging
 24113 | D:14     | 24113 ||| INVOKING Berserk.
 24192 | D:14     | 24192 ||| Stepping ~*~*~tactically~*~*~ (stealth).
 24260 | D:14     | Reached skill level 15 in Fighting
 24512 | D:14     | Found a gate to the Vaults.
 24513 | D:14     | 24513 ||| FLEEEEING.
 24514 | D:14     | 24514 ||| FLEEEEING.
 24515 | D:14     | 24515 ||| FLEEEEING.
 24516 | D:14     | 24516 ||| FLEEEEING.
 24517 | D:14     | 24517 ||| FLEEEEING.
 24518 | D:14     | 24518 ||| FLEEEEING.
 24519 | D:14     | 24519 ||| FLEEEEING.
 24520 | D:14     | 24520 ||| FLEEEEING.
 24521 | D:14     | 24521 ||| FLEEEEING.
 24522 | D:14     | 24522 ||| FLEEEEING.
 24524 | D:14     | 24524 ||| FLEEEEING.
 24524 | D:14     | HP: 32/141 [yaktaur captain/bolt (20)]
 24525 | D:14     | 24525 ||| READING 8 scrolls of teleportation.
 24526 | D:14     | 24526 ||| DRINKING 5 potions of heal wounds.
 24590 | D:14     | 24590 ||| INVOKING Berserk.
 24649 | D:14     | 24649 ||| Stepping ~*~*~tactically~*~*~ (stealth).
 24831 | D:14     | 24831 ||| Stepping ~*~*~tactically~*~*~ (stealth).
 24833 | D:14     | 24833 ||| Stepping ~*~*~tactically~*~*~ (hiding).
 24834 | D:14     | 24834 ||| Stepping ~*~*~tactically~*~*~ (hiding).
 24884 | D:14     | 24884 ||| Stepping ~*~*~tactically~*~*~ (stealth).
 25106 | D:14     | 25106 ||| DROPPING amulet of magic regeneration.
 25129 | D:15     | Entered Level 15 of the Dungeon
 25129 | D:15     | Found a frozen archway.
 25132 | D:15     | Identified the ring "Giarph" {Wiz rF+}
 25164 | D:15     | 25164 ||| INVOKING Trog's Hand.
 25165 | D:15     | 25165 ||| INVOKING Berserk.
 25206 | D:15     | 25206 ||| Stepping ~*~*~tactically~*~*~ (stealth).
 25215 | D:15     | 25215 ||| Stepping ~*~*~tactically~*~*~ (stealth).
 25223 | D:15     | 25223 ||| Stepping ~*~*~tactically~*~*~ (stealth).
 25225 | D:15     | 25225 ||| Stepping ~*~*~tactically~*~*~ (hiding).
 25242 | D:15     | 25242 ||| INVOKING Berserk.
 25242 | D:15     | HP: 42/211 [??? (25)]
 25628 | D:15     | 25628 ||| Stepping ~*~*~tactically~*~*~ (hiding).
 25785 | D:15     | 25785 ||| Stepping randomly (cloudy).
 25819 | D:15     | 25819 ||| Stepping ~*~*~tactically~*~*~ (stealth).
 25826 | D:15     | 25826 ||| Stepping ~*~*~tactically~*~*~ (stealth).
 25833 | D:15     | 25833 ||| INVOKING Berserk.
 25839 | D:15     | Reached skill level 15 in Shields
 26045 | D:15     | 26045 ||| INVOKING Berserk.
 26381 | D:15     | 26381 ||| INVOKING Trog's Hand.
 26384 | D:15     | 26384 ||| INVOKING Berserk.
 26590 | D:15     | 26590 ||| INVOKING Trog's Hand.
 26626 | D:15     | 26626 ||| Stepping ~*~*~tactically~*~*~ (stealth).
 26632 | D:15     | 26632 ||| Stepping ~*~*~tactically~*~*~ (stealth).
 26633 | D:15     | 26633 ||| INVOKING Berserk.
 26755 | D:15     | Found a staircase to the Depths.
 26856 | D:15     | 26856 ||| PLANNING ORC
 26986 | Orc:1    | Entered Level 1 of the Orcish Mines
 26986 | Orc:1    | Noticed Nergalle
 26997 | Orc:1    | Killed Nergalle
 27033 | Orc:1    | 27033 ||| INVOKING Trog's Hand.
 27037 | Orc:1    | Noticed Jorgrun
 27038 | Orc:1    | 27038 ||| INVOKING Brothers in Arms.
 27041 | Orc:1    | 27041 ||| INVOKING Berserk.
 27054 | Orc:1    | Paralysed by something for 4 turns
 27059 | Orc:1    | Killed Jorgrun
 27222 | Orc:1    | Found Ihubluann's CLEARANCE SALE!.
 27231 | Orc:1    | 27231 ||| BUYING potion of might (28 gold).
 27231 | Orc:1    | Bought a potion of might for 28 gold pieces
 27231 | Orc:1    | 27231 ||| BUYING scroll of teleportation (21 gold).
 27231 | Orc:1    | Bought a scroll of teleportation for 21 gold pieces
 27316 | Orc:1    | Noticed Snorg
 27318 | Orc:1    | 27318 ||| INVOKING Berserk.
 27322 | Orc:1    | Killed Snorg
 27561 | Orc:2    | Entered Level 2 of the Orcish Mines
 27567 | Orc:2    | 27567 ||| INVOKING Berserk.
 27820 | Orc:2    | Found a staircase to the Elven Halls.
 27883 | Orc:2    | 27883 ||| Stepping ~*~*~tactically~*~*~ (stealth).
 27884 | Orc:2    | 27884 ||| Stepping ~*~*~tactically~*~*~ (hiding).
 27886 | Orc:2    | 27886 ||| Stepping ~*~*~tactically~*~*~ (hiding).
 27899 | Orc:2    | 27899 ||| Stepping ~*~*~tactically~*~*~ (stealth).
 27900 | Orc:2    | 27900 ||| Stepping ~*~*~tactically~*~*~ (stealth).
 27903 | Orc:2    | 27903 ||| Stepping ~*~*~tactically~*~*~ (stealth).
 27907 | Orc:2    | 27907 ||| Stepping ~*~*~tactically~*~*~ (hiding).
 27908 | Orc:2    | 27908 ||| Stepping ~*~*~tactically~*~*~ (hiding).
 27915 | Orc:2    | 27915 ||| Stepping ~*~*~tactically~*~*~ (stealth).
 28000 | Orc:2    | 28000 ||| Stepping ~*~*~tactically~*~*~ (stealth).
 28001 | Orc:2    | 28001 ||| Stepping ~*~*~tactically~*~*~ (stealth).
 28005 | Orc:2    | 28005 ||| Stepping ~*~*~tactically~*~*~ (hiding).
 28011 | Orc:2    | 28011 ||| Stepping ~*~*~tactically~*~*~ (hiding).
 28013 | Orc:2    | 28013 ||| Stepping ~*~*~tactically~*~*~ (hiding).
 28014 | Orc:2    | 28014 ||| Stepping ~*~*~tactically~*~*~ (hiding).
 28028 | Orc:2    | Noticed an orc warlord
 28029 | Orc:2    | 28029 ||| INVOKING Trog's Hand.
 28030 | Orc:2    | 28030 ||| INVOKING Brothers in Arms.
 28032 | Orc:2    | 28032 ||| INVOKING Berserk.
 28036 | Orc:2    | Noticed Rupert
 28041 | Orc:2    | Killed an orc warlord
 28047 | Orc:2    | Reached XP level 16. HP: 152/152 MP: 6/15
 28054 | Orc:2    | Killed Rupert
 28070 | Orc:2    | HP: 56/232 [orc priest/divine providence (11)]
 28075 | Orc:2    | HP: 33/232 [poisoned by an orange demon]
 28077 | Orc:2    | HP: 11/232 [orc high priest/+0 halberd (8)]
 28080 | Orc:2    | Received a gift from Trog
 28080 | Orc:2    | HP: 3/232 [orange demon[an orc high priest] (5)]
 28081 | Orc:2    | HP: 1/232 [poisoned by an orange demon]
 28083 | Orc:2    | Succumbed to an orange demon's poison

Levels and vault maps discovered:
D:1:      dpeg_arrival_simpleton_a, layout_basic, serial_shops, shop_statue
D:2:      layout_rooms, shapermc_ecumenical_altar_rom_forum,
          uniq_crazy_yiuf_cottage, uniq_jessica, uniq_robin
D:3:      layout_basic, mainiacjoe_overflow_alcove_2,
          mainiacjoe_overflow_catwalk, nicolae_uskayaw_suspiria,
          due_unseen_surprise, uniq_grinder
D:4:      layout_basic, mainiacjoe_overflow_large_starburst
D:5:      layout_basic, hellmonk_ghost_happy_afterlife, portal_sewer_entry_e,
          minmay_misc_feat_roman, kennysheep_cluttered_room
D:6:      kennysheep_six_static_rooms, layout_loops_corners, uniq_pikel,
          uniq_eustachio
D:7:      layout_loops_cross, mainiacjoe_overflow_alcove_1,
          nicolae_dithmenos_the_darkroom, minmay_temple_entry_stoned_glass,
          serial_glass, glass_columns_a, glass_columns_c
D:8:      layout_loops_corners, dpeg_lair_monsters, uniq_joseph, uniq_maurice
D:9:      layout_long_grid, ebering_ghost_funeral_grove, minivault_16,
          minmay_diced_spiral
D:10:     layout_irregular_city, erik_orc_3, kennysheep_path_1
D:11:     layout_irregular_city, serial_shops, shop
D:12:     layout_irregular_city
D:13:     layout_stronghold
D:14:     layout_cave_pools, david_vaults_2, serial_park_square2
D:15:     gammafunk_enter_depths_forms, layout_long_grid,
          portal_ice_cave_entry_pillars_1
Lair:1:   layout_cave_pods, minivault_27, minivault_23,
          infiniplex_staircase_pool, lemuel_fruit_tree
Lair:2:   layout_cave_pods, nicolae_swamp_entry_splash_gauntlet
Lair:3:   beast_lair_carwin_large_1, layout_cave_pods,
          nicolae_spider_entry_orb_guardian
Lair:4:   layout_hall_layers
Lair:5:   hangedman_lair_in_review, layout_regular_city,
          guppyfry_lair_end_dragon, slime_entry_1, enter_volcano_1,
          uniq_josephine
Orc:1:    layout_diamond_mine, nicolae_shop_clearance, uniq_jorgrun,
          uniq_nergalle, uniq_snorg
Orc:2:    st_orc_congregation, layout_caves, uniq_rupert, uniq_urug

Skill      XL: |  1  2  3  4  5  6  7  8  9 10 11 12 13 14 15 16 |
---------------+-------------------------------------------------+-----
Axes           | 4 5 8 9 10 12 14 16 18 | 18.0
Fighting       | 4 5 6 8 9 10 13 14 16 17 | 17.0
Shields        | 4 6 7 8 10 11 13 14 15 | 15.3
Armour         | 6 8 11 13 16 17 | 17.0
Throwing       | 1 3 4 5 6 7 |  7.0
Dodging        | 3 4 5 7 |  7.1

Action                   |  1- 3 |  4- 6 |  7- 9 | 10-12 | 13-15 | 16-18 || total
-------------------------+-------+-------+-------+-------+-------+-------++-------
Melee: Hand axe          |    64 |    81 |       |       |       |       ||   145
       Headbutt          |     8 |    12 |    19 |    66 |   183 |     5 ||   293
       Punch             |     1 |       |       |       |       |       ||     1
       Kick              |       |     9 |     7 |       |       |       ||    16
       Broad axe         |       |       |   132 |   292 |   755 |    36 ||  1215
       Morningstar       |       |       |       |    11 |    35 |       ||    46
Throw: Boomerang         |       |     8 |    52 |    16 |    54 |       ||   130
       Javelin           |       |       |       |    64 |   127 |       ||   191
Invok: Berserk           |     1 |     1 |     7 |    25 |    29 |       ||    63
       Trog's Hand       |       |     1 |       |       |     5 |       ||     6
       Brothers in Arms  |       |       |       |     3 |     5 |       ||     8
  Use: Scroll            |     2 |     3 |     7 |    15 |     5 |       ||    32
       Potion            |       |     3 |     7 |     3 |     1 |       ||    14
 Stab: Distracted        |       |       |       |       |     2 |       ||     2
Armor: Animal skin       |     9 |       |       |       |       |       ||     9
       Scale mail        |     7 |    14 |     8 |       |       |       ||    29
       Chain mail        |       |       |    26 |    66 |       |       ||    92
       Plate armour      |       |       |       |    53 |       |       ||    53
       Gold dragon scale |       |       |       |    40 |   333 |     6 ||   379
Dodge: Dodged            |    28 |    26 |    30 |    75 |   139 |     8 ||   306
Block: Kite shield       |       |     6 |    40 |   126 |   422 |    32 ||   626
       Reflection        |       |       |       |       |    49 |     3 ||    52

Table legend:
 A = Non-vault XP
 B = Vault XP
 C = Vault XP percentage of total XP
 D = Non-vault monster count
 E = Vault monster count
 F = Vault count percentage of total count
                 A         B        C        D         E       F
            +---------+---------+-------+---------+---------+-------
      Total |  113000 |   46393 |  29.1 |     526 |     176 |  25.1
            +---------+---------+-------+---------+---------+-------
        D:1 |      39 |       0 |   0.0 |      23 |       0 |   0.0
        D:2 |      20 |      73 |  78.5 |      11 |      14 |  56.0
        D:3 |      52 |     290 |  84.8 |      13 |       1 |   7.1
        D:4 |     274 |       0 |   0.0 |       7 |       0 |   0.0
        D:5 |     535 |      51 |   8.7 |      17 |       8 |  32.0
        D:6 |    1151 |    1106 |  49.0 |      26 |       8 |  23.5
        D:7 |    2368 |       0 |   0.0 |      22 |       0 |   0.0
        D:8 |    1518 |    3436 |  69.4 |      29 |       9 |  23.7
        D:9 |    1087 |    1841 |  62.9 |      20 |       5 |  20.0
       D:10 |    3809 |     300 |   7.3 |      17 |      11 |  39.3
       D:11 |    2305 |       0 |   0.0 |      18 |       0 |   0.0
       D:12 |    3885 |       0 |   0.0 |      16 |       0 |   0.0
       D:13 |    6890 |       0 |   0.0 |      22 |       0 |   0.0
       D:14 |   13538 |    1637 |  10.8 |      31 |       3 |   8.8
       D:15 |   17000 |    5575 |  24.7 |      41 |      11 |  21.2
     Lair:1 |    8939 |       0 |   0.0 |      27 |       0 |   0.0
     Lair:2 |    8702 |    1234 |  12.4 |      30 |       5 |  14.3
     Lair:3 |    8222 |    2695 |  24.7 |      30 |      10 |  25.0
     Lair:4 |   11482 |       0 |   0.0 |      34 |       0 |   0.0
     Lair:5 |   14374 |   15487 |  51.9 |      33 |      40 |  54.8
      Orc:1 |    3603 |    3604 |  50.0 |      23 |       3 |  11.5
      Orc:2 |    3207 |    9064 |  73.9 |      36 |      48 |  57.1
            +---------+---------+-------+---------+---------+-------
